 Dungeon Crawl Stone Soup version 0.31.0-11-ge490571c62 (webtiles) character file.

Game seed: 18393218114319754009

135 qw the Skirmisher (level 4, -3/25 HPs)
             Began as a Deep Elf Hunter on Feb 3, 2024.
             Slain by a black bear (11 damage)
             ... on level 4 of the Dungeon.
             The game lasted 00:00:06 (1252 turns).

qw the Skirmisher (Deep Elf Hunter)                 Turns: 1252, Time: 00:00:07

Health: -3/25      AC:  5    Str: 10    XL:     4   Next: 97%
Magic:  6/6        EV: 11    Int: 14    God:
Gold:   88         SH:  0    Dex: 18    Spells: 3/3 levels left

rFire   . . .        a - +0 shortbow (elec)
rCold   . . .        (shield currently unavailable)
rNeg    . . .        f - +0 ring mail
rPois   .            (no helmet)
rElec   .            (no cloak)
rCorr   .            (no gloves)
SInv    .            (no boots)
Will    .....        (no amulet)
Stlth   +            (no ring)
HPRegen 0.24/turn    (no ring)
MPRegen 0.10/turn

%: no passive effects
@: no status effects
A: no striking features
a: no special abilities


You were on level 4 of the Dungeon.
You visited 1 branch of the dungeon, and saw 4 of its levels.

You collected 88 gold pieces.


   Skills:
 - Level 1.5 Fighting
 + Level 8.3 Ranged Weapons
 - Level 2.4 Dodging
 - Level 1.2 Stealth


You had 3 spell levels left.
You didn't know any spells.
Your spell library was empty.

Inventory:

Hand Weapons
 a - a +0 shortbow of electrocution (weapon)
Armour
 f - a +0 ring mail (worn)
Scrolls
 d - a scroll of identify
Potions
 b - a potion of mutation
 c - 2 potions of lignification {unknown}
 e - a potion of heal wounds
 h - a potion of cancellation

Dungeon Overview and Level Annotations

Branches:
Dungeon (4/15)
 Temple: D:4-7

Altars:


Message History

You kill the endoplasm!
d - a scroll of identify You now have 88 gold pieces (gained 5).
A hound comes into view.
The hound barks!
Enter note:
Enter note: You shoot an arrow.
The arrow hits the hound.
The hound is lightly wounded.
You shoot an arrow. The arrow closely misses the hound.
You shoot an arrow. The arrow hits the hound!
Lightning courses through the hound!
You kill the hound!
A black bear comes into view.
You shoot an arrow.
The arrow closely misses the black bear.
You shoot an arrow.
The arrow completely misses the black bear.
You shoot an arrow.
The arrow hits the black bear but does no damage.
You shoot an arrow. The arrow hits the black bear!
The black bear is moderately wounded.
You shoot an arrow. The arrow hits the black bear.
The black bear is heavily wounded.
The black bear barely misses you. The black bear closely misses you.
The black bear claws you.
You shoot an arrow. The arrow hits the black bear!
The black bear is severely wounded.
The black bear goes berserk!
You shoot an arrow.
The arrow closely misses the black bear.
The black bear bites you!
The black bear claws you but does no damage.
The black bear claws you. The black bear completely misses you.
The black bear barely misses you. The black bear closely misses you.
You shoot an arrow.
The arrow hits the black bear but does no damage.
The black bear is severely wounded.
The black bear bites you!
You die...

..#.......#..#####.
###.....###.# #.
#.#.###.# ### #.
#.##.##.# ##
#.##.##.# #.#.....#
######....####
#............+
######@...####
#h#.## #.### ..#
#.## #. #. ..


You could see a black bear (berserk).

Vanquished Creatures
  A hound (D:4)
  4 gnolls (D:2)
  3 adders (D:2)
  A dart slug (D:4)
  5 ball pythons
  3 bats
  5 endoplasms
  4 goblins
  2 hobgoblins (D:1)
  3 quokkas (D:2)
  A frilled lizard (D:2)
  4 kobolds
  5 rats
41 creatures vanquished.

Notes
Turn   | Place    | Note
-------+----------+-------------------------------------------
     0 | D:1      | qw the Deep Elf Hunter began the quest for the Orb.
     0 | D:1      | Reached XP level 1. HP: 12/12 MP: 3/3
     0 | D:1      | 0 ||| qw: Version: 0.3-a-158-g18b3111
     0 | D:1      | 0 ||| qw: Game counter: 4233
     0 | D:1      | 0 ||| qw: Melee chars always use a shield: true
     0 | D:1      | 0 ||| qw: God list: Okawaru
     0 | D:1      | 0 ||| qw: Allow faded altars: false
     0 | D:1      | 0 ||| qw: Do Orc after clearing Dungeon:15 true
     0 | D:1      | 0 ||| qw: Do second Lair branch before Depths: true
     0 | D:1      | 0 ||| qw: Lair rune preference: random
     0 | D:1      | 0 ||| qw: Goals: Normal
     0 | D:1      | 0 ||| PLANNING D:1-11
    59 | D:1      | 59 ||| DROPPING ring of wizardry.
    60 | D:1      | 60 ||| DROPPING scroll of butterflies.
   287 | D:1      | Reached XP level 2. HP: 16/16 MP: 4/4
   294 | D:1      | Reached skill level 6 in Ranged Weapons
   452 | D:1      | Found a faded altar of an unknown god.
   535 | D:1      | 535 ||| UPGRADING to +0 ring mail.
   545 | D:1      | 545 ||| DROPPING +0 leather armour.
   546 | D:1      | 546 ||| READING 2 scrolls labelled JIUX DESUNO.
   546 | D:1      | 546 ||| IDENTIFYING cyan potion
   547 | D:1      | 547 ||| READING scroll of identify.
   547 | D:1      | 547 ||| IDENTIFYING inky potion
   675 | D:2      | 675 ||| RETREEEEATING.
   677 | D:2      | Reached XP level 3. HP: 20/20 MP: 5/5
   681 | D:2      | 681 ||| RETREEEEATING.
   685 | D:2      | 685 ||| RETREEEEATING.
   686 | D:2      | 686 ||| RETREEEEATING.
   688 | D:2      | 688 ||| RETREEEEATING.
   694 | D:2      | Reached skill level 7 in Ranged Weapons
   698 | D:2      | Reached XP level 4. HP: 20/25 MP: 6/6
  1060 | D:2      | 1060 ||| READING scroll of identify.
  1060 | D:2      | 1060 ||| IDENTIFYING bubbling green potion
  1061 | D:2      | 1061 ||| READING scroll labelled OSHOLI ZUNYHUE.
  1062 | D:2      | 1062 ||| READING scroll labelled HIYDUH FOIJ.
  1062 | D:2      | 1062 ||| BRANDING +0 shortbow.
  1126 | D:3      | You fall into a shaft and drop 1 floor!
  1174 | D:4      | Reached skill level 8 in Ranged Weapons
  1244 | D:4      | Noticed a black bear
  1252 | D:4      | Slain by a black bear

Levels and vault maps discovered:
D:1:      sevenhm_arrival_forest_fort_small_3, layout_rooms,
          dreamdust_ecumenical_altar_grove, minmay_misc_feat_rows,
          nicolae_concentric_dashed_squares_mild
D:2:      layout_basic, chequers_serial_rivers_micro_c
D:3:      minmay_chambers_of_threes, layout_loops_ring, uniq_natasha
D:4:      nicolae_cairo_tiling_large_dashed, layout_loops_corners, led_xom_imps,
          nicolae_overflow_hidden_temple

Skill      XL: |  1  2  3  4 |
---------------+-------------+-----
Ranged Weapons | 6 7 8 |  8.3
Fighting       | |  1.5
Dodging        | |  2.4
Stealth        | |  1.2

Action                     |  1- 3 |  4- 6 || total
---------------------------+-------+-------++-------
   Fire: Shortbow          |    59 |    42 ||   101
    Use: Scroll            |     2 |     3 ||     5
 Armour: Leather armour    |     4 |       ||     4
         Ring mail         |     6 |    11 ||    17
  Dodge: Dodged            |    12 |    10 ||    22

Table legend:
 A = Non-vault XP
 B = Vault XP
 C = Vault XP percentage of total XP
 D = Non-vault monster count
 E = Vault monster count
 F = Vault count percentage of total count
                 A         B        C        D         E       F
            +---------+---------+-------+---------+---------+-------
      Total |     194 |       0 |   0.0 |      41 |       0 |   0.0
            +---------+---------+-------+---------+---------+-------
        D:1 |      22 |       0 |   0.0 |      14 |       0 |   0.0
        D:2 |     120 |       0 |   0.0 |      22 |       0 |   0.0
        D:3 |       2 |       0 |   0.0 |       1 |       0 |   0.0
        D:4 |      50 |       0 |   0.0 |       4 |       0 |   0.0
            +---------+---------+-------+---------+---------+-------
